 Dungeon Crawl Stone Soup version 0.28-a0-1190-g77e1c55843 (webtiles) character file.

Game seed: 10157715259710558309

161 Gargoyl the Skirmisher (level 5, -2/47 HPs)
             Began as a Gnoll Abyssal Knight on Dec 18, 2021.
             Was a Believer of Lugonu.
             Slain by an ogre (25 damage)
             ... on level 4 of the Dungeon.
             The game lasted 00:03:58 (3121 turns).

Gargoyl the Skirmisher (Gnoll Abyssal Knight)       Turns: 3121, Time: 00:03:59

Health: -2/47      AC: 18    Str: 13 (15) XL:     5   Next: 42%
Magic:  8/8        EV:  0    Int: 10 (11) God:    Lugonu [**....]
Gold:   126        SH:  0    Dex: 11 (12) Spells: 6/6 levels left

rFire   . . .      SeeInvis .   a - +1 hand axe
rCold   . . .      Faith    .   (no shield)
rNeg    . . .      Spirit   .   e - +1 crystal plate armour of Slovenliness {Harm +Inv Regen+ Int+2}
rPois   .          Reflect  .   (helmet restricted)
rElec   .          Harm     +   (no cloak)
rCorr   .          Rampage  .   (no gloves)
Will    .....                   (no boots)
Stlth   ..........              (no amulet)
HPRegen 0.95/turn               (no ring)
MPRegen 0.11/turn               (no ring)

@: brilliant, attractive, hasted, very quick
A: fangs 1, strong nose, distributed training, horns 1, wild magic 1
a: Renounce Religion, Evoke Invisibility, Depart the Abyss, Bend Space


You were on level 4 of the Dungeon.
You worshipped Lugonu.
Lugonu was pleased with you.
You visited 1 branch of the dungeon, and saw 4 of its levels.
You visited the Abyss 1 time.

You collected 126 gold pieces.

Inventory:

Hand Weapons
 a - a +1 hand axe (weapon)
Missiles
 b - 16 poisoned darts (quivered)
Armour
 e - the +1 crystal plate armour of Slovenliness (worn) {Harm +Inv Regen+ Int+2}
   (You acquired it on level 2 of the Dungeon)

   Int:       It affects your intelligence (+2).
   +Inv:      It lets you turn invisible.
   Regen:     It increases your rate of health regeneration.
   Harm:      It increases damage dealt and taken.
Wands
 l - a wand of iceblast (10)
Scrolls
 c - 2 scrolls of fog
Potions
 d - a potion of degeneration
 f - a potion of lignification
 h - a potion of flight
 i - 2 potions of curing


   Skills:
 + Level 6.7 Fighting
 + Level 1.4 Short Blades
 + Level 1.4 Long Blades
 + Level 4.8 Axes
 + Level 1.4 Maces & Flails
 + Level 1.4 Polearms
 + Level 1.4 Staves
 + Level 1.4 Slings
 + Level 1.4 Bows
 + Level 1.4 Crossbows
 + Level 1.4 Throwing
 + Level 4.8 Armour
 + Level 3.0 Dodging
 + Level 1.4 Stealth
 + Level 1.4 Shields
 + Level 1.4 Unarmed Combat
 + Level 1.4 Spellcasting
 + Level 1.1 Conjurations
 + Level 1.1 Hexes
 + Level 1.1 Summonings
 + Level 1.1 Necromancy
 + Level 1.1 Translocations
 + Level 1.1 Transmutations
 + Level 1.1 Fire Magic
 + Level 1.1 Ice Magic
 + Level 1.1 Air Magic
 + Level 1.1 Earth Magic
 + Level 1.1 Poison Magic
 + Level 4.8 Invocations
 + Level 1.4 Evocations


You had 6 spell levels left.
You didn't know any spells.
Your spell library contained the following spells:

 Spells                   Type           Power      Damage    Failure   Level
 Summon Small Mammal      Summ           24%        N/A       100%        1
 Call Canine Familiar     Summ           6%         N/A       100%        3
 Summon Guardian Golem    Hex/Summ       6%         N/A       100%        3


Dungeon Overview and Level Annotations

Branches:
Dungeon (4/15)
 Temple: D:4-7

Altars:
Elyvilon
Ru


Innate Abilities, Weirdness & Mutations

You have very sharp teeth.
Your uncanny sense of smell can sniff out nearby items.
Your experience applies equally to all skills.
You have a pair of small horns on your head.
Your spells are a little harder to cast, but a little more powerful.


Message History

The dart slug launches a dart at you.
The slug dart hits you but does no damage.
You hit the dart slug. You headbutt the dart slug.
The dart slug is heavily wounded.
The dart slug bites you but does no damage.
Unknown command.
You hit the dart slug.
You kill the dart slug!
Lugonu accepts your kill.
You see here a dart slug corpse.
Unknown command.
You open the door.
An adder and an ogre come into view.
The ogre shouts!
The adder hisses angrily.
There are monsters nearby!
There are monsters nearby!
You closely miss the ogre.
You headbutt the ogre, but do no damage.
The ogre hits you with a +0 giant spiked club!
You hit the ogre.
The ogre is lightly wounded.
The ogre hits you but does no damage.
You hit the ogre.
The ogre is lightly wounded.
The ogre hits you but does no damage.
Okay, then.
It was a potion of brilliance.
You feel clever all of a sudden.
It was a potion of degeneration.
There was something very wrong with that liquid.
You feel weakened.
You feel dopey.
You feel clumsy.
The ogre hits you with a +0 giant spiked club.
It was a potion of attraction.
You feel attractive to monsters.
The ogre hits you with a +0 giant spiked club!
Unknown command.
It was a potion of haste.
You feel yourself speed up.
The ogre hits you with a +0 giant spiked club!!
Ouch! That really hurt!
You die...

#.# #.# #########.# #.#
#.........# #.# #.######### #.#
###.# #.# ....# #### #.# ##..#
..... #.# ....### ......#######.#
......+ .....SO@.....># ##.####∆
......#####.### ##.# ..... #.#
##.#################.############
'................................
##.#########.#######>############
.#.# #..# #.# .#.# ##.# #.# .#.#
#†## #.#


You could see an ogre and an adder.

Vanquished Creatures
  An orc priest (D:3)
  An iguana (D:4)
  A howler monkey skeleton (D:2)
  2 ufetubi (D:4)
  2 worms
  3 dart slugs
  11 orcs
  4 endoplasms
  6 giant cockroaches
  6 goblins
  3 hobgoblins
  8 kobolds
  5 quokkas
  4 ball pythons
  A bat (D:2)
  2 frilled lizards (D:2)
  2 rats (D:2)
62 creatures vanquished.

Vanquished Creatures (others)
  A butterfly (D:3)
1 creature vanquished.

Grand Total: 63 creatures vanquished

Notes
Turn   | Place    | Note
-------+----------+-------------------------------------------
     0 | Abyss:1  | Gargoyl the Gnoll Abyssal Knight began the quest for the
                  | Orb.
     0 | Abyss:1  | Reached XP level 1. HP: 23/23 MP: 3/3
    43 | Abyss:1  | Noticed an ice beast
    88 | Abyss:1  | Noticed an ancient zyme
    99 | Abyss:1  | Noticed a green very ugly thing
   105 | Abyss:1  | Noticed a chaos spawn
   111 | D:1      | Escaped the Abyss
   286 | D:1      | Reached XP level 2. HP: 19/29 MP: 5/5
   534 | D:1      | Reached * piety under Lugonu
   610 | D:1      | Found a faded altar of an unknown god.
  1045 | D:2      | Reached XP level 3. HP: 35/35 MP: 6/6
  1047 | D:2      | Identified a scroll of acquirement
  1047 | D:2      | Acquired the +1 crystal plate armour of Slovenliness {Harm
                  | +Inv Regen+ Int+2}
  1791 | D:3      | Reached skill level 1 in Short Blades
  1791 | D:3      | Reached skill level 1 in Long Blades
  1791 | D:3      | Reached skill level 1 in Maces & Flails
  1791 | D:3      | Reached skill level 1 in Polearms
  1791 | D:3      | Reached skill level 1 in Staves
  1791 | D:3      | Reached skill level 1 in Slings
  1791 | D:3      | Reached skill level 1 in Bows
  1791 | D:3      | Reached skill level 1 in Crossbows
  1791 | D:3      | Reached skill level 1 in Throwing
  1791 | D:3      | Reached skill level 1 in Stealth
  1791 | D:3      | Reached skill level 1 in Shields
  1791 | D:3      | Reached skill level 1 in Unarmed Combat
  1791 | D:3      | Reached skill level 1 in Spellcasting
  1791 | D:3      | Reached skill level 1 in Evocations
  1794 | D:3      | Gained mutation: You have a pair of small horns on your
                  | head. [potion of mutation]
  1794 | D:3      | Gained mutation: Your spells are a little harder to cast,
                  | but a little more powerful. [potion of mutation]
  1806 | D:3      | Reached XP level 4. HP: 24/41 MP: 7/7
  1811 | D:3      | Reached skill level 1 in Conjurations
  1811 | D:3      | Reached skill level 1 in Hexes
  1811 | D:3      | Reached skill level 1 in Summonings
  1811 | D:3      | Reached skill level 1 in Necromancy
  1811 | D:3      | Reached skill level 1 in Translocations
  1811 | D:3      | Reached skill level 1 in Transmutations
  1811 | D:3      | Reached skill level 1 in Fire Magic
  1811 | D:3      | Reached skill level 1 in Ice Magic
  1811 | D:3      | Reached skill level 1 in Air Magic
  1811 | D:3      | Reached skill level 1 in Earth Magic
  1811 | D:3      | Reached skill level 1 in Poison Magic
  1994 | D:3      | Found a white marble altar of Elyvilon.
  2003 | D:3      | Reached ** piety under Lugonu
  2118 | D:3      | Found a sacrificial altar of Ru.
  2495 | D:4      | Reached XP level 5. HP: 31/47 MP: 8/8
  3114 | D:4      | Noticed an ogre
  3121 | D:4      | Slain by an ogre

Illustrated notes

Levels and vault maps discovered:
D:1:      co_arrival_random_square_maze, layout_rooms,
          hellmonk_ecumenical_altar_zigzags
D:2:      layout_loops_ring, minmay_crystal_water
D:3:      layout_loops_ring, marbit_many_paths, nicolae_elyvilon_peaceful_grove
D:4:      layout_basic, temple_statues

Skill      XL: |  1  2  3  4  5 |
---------------+----------------+-----
Short Blades   | 1 |  1.4
Long Blades    | 1 |  1.4
Maces & Flails | 1 |  1.4
Polearms       | 1 |  1.4
Staves         | 1 |  1.4
Slings         | 1 |  1.4
Bows           | 1 |  1.4
Crossbows      | 1 |  1.4
Throwing       | 1 |  1.4
Stealth        | 1 |  1.4
Shields        | 1 |  1.4
Unarmed Combat | 1 |  1.4
Spellcasting   | 1 |  1.4
Evocations     | 1 |  1.4
Conjurations   | 1 |  1.1
Hexes          | 1 |  1.1
Summonings     | 1 |  1.1
Necromancy     | 1 |  1.1
Translocations | 1 |  1.1
Transmutations | 1 |  1.1
Fire Magic     | 1 |  1.1
Ice Magic      | 1 |  1.1
Air Magic      | 1 |  1.1
Earth Magic    | 1 |  1.1
Poison Magic   | 1 |  1.1
Dodging        | 3 |  3.0
Fighting       | |  6.7
Axes           | |  4.8
Armour         | |  4.8
Invocations    | |  4.8

Action                   |  1- 3 |  4- 6 || total
-------------------------+-------+-------++-------
Melee: Hand axe          |    99 |    63 ||   162
       Bite              |     9 |     8 ||    17
       Headbutt          |     3 |     8 ||    11
Invok: Depart the Abyss  |     1 |       ||     1
  Use: Scroll            |     9 |     1 ||    10
       Potion            |     1 |     4 ||     5
Armor: Plate armour      |    33 |       ||    33
       Crystal plate arm |    45 |    66 ||   111
Dodge: Dodged            |     6 |     3 ||     9

Table legend: (Time is in decaauts)
 A = Elapsed time spent in this place.
 B = Non-inter-level travel time spent in this place.
 C = Inter-level travel time spent in this place.
 D = Time resting spent in this place.
 E = Time spent auto-exploring this place.
 F = Levels seen in this place.
 G = Mean time per level.
                   A        B        C        D        E       F      G
               +--------+--------+--------+--------+--------+-----+--------+
         Total |   3133 |   3092 |     41 |      0 |   2506 |   5 |  626.6 |
       Dungeon |   3022 |   2981 |     41 |      0 |   2455 |   4 |  755.5 |
         Abyss |    111 |    111 |      0 |      0 |     51 |   1 |  111.0 |
               +--------+--------+--------+--------+--------+-----+--------+

Top non-repeatable levels by time:
     D:1: 928 daAuts
     D:2: 745 daAuts
     D:3: 704 daAuts
     D:4: 644 daAuts
 Abyss:1: 111 daAuts
